General information
- name: BNet
- type: Ladder team game (AT/RT)
- host: Battle.net
- saver: BEAR_AND
map: SilverpineForest
- players: 6
- length: 68:34
- speed: Fast
- version: 1.21 W3XP
- replay type:

» download(535 KB)
Players
team 1 (winner)
BEAR_AND (
yellow | 115 APM | 7894 actions | 68:34)
8 Archmage
3 Blizzard
3 Brilliance Aura
1 Mass Teleport
1 Summon Water Elemental
» actions
| Assign group hotkey | 31 | |
| Basic commands | 32 | |
| Build / train | 157 | |
| Enter build submenu | 89 | |
| Enter hero's abilities submenu | 9 | |
| Give item / drop item | 2 | |
| Remove unit from queue | 4 | |
| Right click | 4580 | |
| Select / deselect | 790 | |
| Select group hotkey | 1823 | |
| Use ability | 377 | |
7894 total
» units
| Peasant | 18 | |
| Mortar Team | 6 | |
| Sorceress | 2 | |
| Flying Machine | 10 | |
| Priest | 1 | |
| Gryphon Rider | 12 | |
49 total
» upgrades
| Masonry | 3 | |
| Gunpowder | 3 | |
| Magic Sentry | 1 | |
| Sorceress Training | 1 | |
| Lumber Harvesting | 2 | |
| Fragmentation Shards | 1 | |
| Flare | 1 | |
| Armor | 3 | |
| Flak Cannons | 1 | |
| Plating | 1 | |
| Swords | 3 | |
| Storm Hammers | 1 | |
| Cloud | 1 | |
22 total
» buildings
| Altar of Kings | 1 | |
| Farm | 13 | |
| Lumber Mill | 1 | |
| Scout Tower | 100 | |
| Arcane Tower | 3 | |
| Guard Tower | 42 | |
| Arcane Vault | 1 | |
| Keep | 2 | |
| Blacksmith | 1 | |
| Workshop | 2 | |
| Arcane Sanctum | 1 | |
| Castle | 3 | |
| Town Hall | 4 | |
| Gryphon Aviary | 3 | |
177 total
» build order
00:10 Altar of Kings
00:19 Farm
00:34 Lumber Mill
00:50 Scout Tower
01:21 Arcane Tower
01:22 Scout Tower
01:35 Farm
01:51 Guard Tower
02:01 Scout Tower
02:24 Scout Tower
02:33 Guard Tower
02:34 Scout Tower
02:57 Guard Tower
02:58 Scout Tower
03:05 Guard Tower
03:08 Arcane Vault
03:14 Farm
03:28 Guard Tower
03:41 Scout Tower
03:54 Scout Tower
04:06 Scout Tower
04:22 Guard Tower
04:22 Guard Tower
05:01 Arcane Tower
05:17 Scout Tower
05:19 Scout Tower
05:41 Scout Tower
05:52 Guard Tower
06:10 Guard Tower
06:19 Scout Tower
06:58 Scout Tower
06:59 Scout Tower
07:11 Keep
07:12 Keep
07:14 Guard Tower
07:17 Blacksmith
07:25 Scout Tower
07:29 Scout Tower
07:30 Guard Tower
07:40 Farm
07:41 Farm
07:41 Farm
07:45 Scout Tower
07:56 Guard Tower
08:13 Guard Tower
08:25 Guard Tower
09:11 Farm
09:34 Workshop
09:39 Workshop
09:42 Arcane Sanctum
09:46 Scout Tower
09:47 Scout Tower
10:14 Arcane Tower
10:22 Farm
10:40 Guard Tower
11:22 Scout Tower
11:23 Scout Tower
11:25 Scout Tower
11:26 Scout Tower
12:39 Castle
12:39 Castle
12:40 Castle
12:50 Guard Tower
12:59 Guard Tower
14:21 Town Hall
14:25 Scout Tower
14:25 Scout Tower
14:25 Scout Tower
14:26 Scout Tower
14:27 Scout Tower
14:28 Scout Tower
14:29 Scout Tower
14:29 Scout Tower
14:30 Scout Tower
14:31 Scout Tower
14:55 Guard Tower
14:56 Guard Tower
14:56 Guard Tower
14:57 Guard Tower
14:57 Guard Tower
14:58 Guard Tower
14:59 Guard Tower
19:38 Scout Tower
19:38 Scout Tower
19:39 Scout Tower
19:41 Scout Tower
19:41 Scout Tower
19:42 Scout Tower
20:09 Scout Tower
20:10 Scout Tower
20:12 Scout Tower
20:13 Scout Tower
20:44 Guard Tower
20:46 Scout Tower
20:46 Scout Tower
20:47 Scout Tower
20:47 Scout Tower
20:48 Scout Tower
20:48 Scout Tower
20:49 Scout Tower
21:13 Town Hall
21:19 Guard Tower
21:21 Scout Tower
21:22 Scout Tower
21:23 Scout Tower
21:24 Scout Tower
21:25 Guard Tower
21:26 Guard Tower
22:15 Guard Tower
22:16 Scout Tower
22:17 Scout Tower
22:35 Guard Tower
22:38 Scout Tower
22:39 Scout Tower
22:45 Scout Tower
23:13 Scout Tower
23:16 Scout Tower
23:17 Scout Tower
23:18 Scout Tower
23:23 Scout Tower
23:24 Scout Tower
23:25 Scout Tower
23:26 Scout Tower
23:26 Scout Tower
23:32 Guard Tower
24:03 Guard Tower
24:17 Town Hall
24:19 Scout Tower
24:20 Scout Tower
24:21 Scout Tower
24:21 Scout Tower
24:23 Scout Tower
24:23 Scout Tower
24:44 Guard Tower
25:36 Scout Tower
25:37 Scout Tower
25:38 Scout Tower
25:39 Scout Tower
25:40 Scout Tower
26:58 Scout Tower
27:06 Guard Tower
29:14 Scout Tower
29:15 Scout Tower
29:15 Scout Tower
29:16 Scout Tower
29:17 Scout Tower
29:48 Guard Tower
29:51 Scout Tower
29:52 Scout Tower
29:52 Scout Tower
30:54 Guard Tower
31:31 Guard Tower
33:23 Town Hall
37:30 Scout Tower
37:30 Scout Tower
37:31 Scout Tower
37:31 Scout Tower
37:32 Scout Tower
37:32 Scout Tower
37:39 Scout Tower
37:39 Scout Tower
37:40 Scout Tower
37:40 Scout Tower
37:41 Scout Tower
38:02 Guard Tower
38:08 Gryphon Aviary
38:20 Gryphon Aviary
39:04 Guard Tower
39:18 Gryphon Aviary
40:45 Guard Tower
49:03 Farm
49:04 Farm
49:04 Farm
49:06 Farm
49:07 Farm
» items
| Lesser Clarity Potion | 1 | |
| Scroll of Regeneration | 2 | |
| Staff of Sanctuary | 1 | |
| Scroll of Town Portal | 6 | |
| Potion of Healing | 5 | |
| Boots of Speed | 1 | |
| Staff of Teleportation | 1 | |
| Potion of Lesser Invulnerability | 1 | |
18 total
Gobiner (
pink | 50 APM | 3445 actions | 68:33)
10 Blademaster
3 Wind Walk
3 Critical Strike
1 Bladestorm
3 Mirror Image
» actions
| Assign group hotkey | 21 | |
| Basic commands | 8 | |
| Build / train | 114 | |
| ESC pressed | 5 | |
| Enter build submenu | 68 | |
| Enter hero's abilities submenu | 10 | |
| Give item / drop item | 24 | |
| Right click | 1590 | |
| Select / deselect | 416 | |
| Select group hotkey | 836 | |
| Use ability | 353 | |
3445 total
» units
» upgrades
| Spiked Barricades | 1 | |
| Liquid Fire | 1 | |
| Reinforced Defenses | 1 | |
| Ranged Weapons | 2 | |
| Armor | 2 | |
| Troll Regeneration | 1 | |
| Pillage | 2 | |
| Backpack | 1 | |
11 total
» buildings
| Altar of Storms | 4 | |
| Orc Burrow | 10 | |
| War Mill | 1 | |
| Watch Tower | 38 | |
| Voodoo Lounge | 3 | |
| Stronghold | 2 | |
| Fortress | 1 | |
| Beastiary | 4 | |
| Great Hall | 2 | |
| Barracks | 1 | |
66 total
» build order
00:08 Altar of Storms
00:18 Orc Burrow
00:30 War Mill
01:34 Orc Burrow
01:48 Watch Tower
02:24 Watch Tower
03:28 Watch Tower
04:23 Watch Tower
04:26 Watch Tower
04:35 Voodoo Lounge
04:37 Stronghold
05:37 Watch Tower
05:39 Watch Tower
06:00 Orc Burrow
06:23 Watch Tower
06:29 Watch Tower
06:59 Fortress
07:05 Beastiary
07:07 Beastiary
07:23 Watch Tower
07:25 Watch Tower
08:36 Orc Burrow
09:50 Watch Tower
09:51 Watch Tower
09:52 Watch Tower
12:59 Watch Tower
13:02 Watch Tower
13:04 Watch Tower
13:14 Watch Tower
13:21 Watch Tower
13:23 Watch Tower
13:35 Watch Tower
14:17 Watch Tower
14:22 Watch Tower
14:23 Watch Tower
14:27 Watch Tower
15:35 Great Hall
15:54 Watch Tower
15:55 Watch Tower
17:09 Watch Tower
17:10 Watch Tower
17:11 Watch Tower
17:12 Watch Tower
17:25 Watch Tower
18:15 Watch Tower
18:19 Watch Tower
18:44 Watch Tower
19:14 Barracks
26:56 Watch Tower
26:59 Watch Tower
27:00 Watch Tower
29:23 Voodoo Lounge
38:12 Altar of Storms
38:14 Orc Burrow
38:15 Orc Burrow
38:20 Altar of Storms
38:21 Orc Burrow
39:23 Altar of Storms
39:29 Orc Burrow
42:58 Great Hall
43:03 Orc Burrow
44:11 Orc Burrow
45:42 Stronghold
48:25 Beastiary
49:09 Beastiary
49:43 Voodoo Lounge
» items
| Boots of Speed | 1 | |
| Staff of Teleportation | 1 | |
| Lesser Clarity Potion | 9 | |
| Healing Salve | 6 | |
| Orb of Lightning | 1 | |
| Potion of Healing | 5 | |
| Potion of Mana | 5 | |
| Staff of Silence | 1 | |
| Scroll of Regeneration | 2 | |
| Claws of Attack +12 | 3 | |
34 total
TIMG4STRok (
purple | 113 APM | 7717 actions | 68:33)
9 Blood Mage
3 Flame Strike
3 Siphon Mana
2 Summon Phoenix
1 Banish
9 Mountain King
3 Storm Bolt
2 Bash
1 Avatar
3 Thunder Clap
» actions
| Assign group hotkey | 22 | |
| Basic commands | 95 | |
| Build / train | 150 | |
| ESC pressed | 3 | |
| Enter build submenu | 82 | |
| Enter hero's abilities submenu | 18 | |
| Give item / drop item | 15 | |
| Right click | 4362 | |
| Select / deselect | 439 | |
| Select group hotkey | 2065 | |
| Use ability | 466 | |
7717 total
» units
| Peasant | 19 | |
| Dragonhawk Rider | 7 | |
| Gryphon Rider | 12 | |
38 total
» upgrades
| Masonry | 3 | |
| Lumber Harvesting | 2 | |
| Magic Sentry | 1 | |
| Armor | 3 | |
| Swords | 3 | |
| Animal War Training | 1 | |
| Cloud | 1 | |
| Storm Hammers | 1 | |
| Plating | 1 | |
16 total
» buildings
| Altar of Kings | 2 | |
| Lumber Mill | 2 | |
| Farm | 11 | |
| Scout Tower | 86 | |
| Arcane Tower | 7 | |
| Guard Tower | 33 | |
| Keep | 1 | |
| Town Hall | 1 | |
| Arcane Sanctum | 1 | |
| Gryphon Aviary | 2 | |
| Castle | 1 | |
| Arcane Vault | 2 | |
| Blacksmith | 1 | |
| Barracks | 1 | |
151 total
» build order
00:15 Altar of Kings
00:33 Lumber Mill
00:38 Farm
01:09 Scout Tower
01:14 Scout Tower
01:39 Farm
01:48 Arcane Tower
01:48 Arcane Tower
02:03 Arcane Tower
02:12 Scout Tower
02:37 Scout Tower
02:44 Guard Tower
02:51 Scout Tower
03:13 Guard Tower
03:14 Scout Tower
03:26 Guard Tower
03:28 Scout Tower
03:29 Scout Tower
03:44 Guard Tower
03:45 Scout Tower
03:46 Scout Tower
04:04 Guard Tower
04:26 Guard Tower
04:28 Scout Tower
04:35 Scout Tower
04:42 Guard Tower
05:03 Guard Tower
05:05 Guard Tower
05:06 Scout Tower
05:07 Scout Tower
05:36 Guard Tower
05:55 Keep
06:02 Guard Tower
06:06 Scout Tower
06:07 Scout Tower
06:07 Scout Tower
06:09 Scout Tower
07:01 Guard Tower
07:09 Guard Tower
07:18 Town Hall
07:34 Guard Tower
07:38 Scout Tower
07:40 Scout Tower
07:42 Scout Tower
07:42 Scout Tower
07:46 Scout Tower
07:48 Scout Tower
08:02 Guard Tower
08:18 Guard Tower
08:49 Guard Tower
08:58 Guard Tower
08:59 Scout Tower
09:23 Arcane Sanctum
09:31 Guard Tower
10:04 Scout Tower
10:05 Scout Tower
10:06 Scout Tower
10:07 Scout Tower
11:45 Guard Tower
11:51 Gryphon Aviary
11:51 Gryphon Aviary
11:59 Scout Tower
11:59 Scout Tower
12:06 Guard Tower
12:20 Castle
12:28 Farm
12:28 Farm
12:30 Farm
12:31 Farm
12:34 Farm
13:01 Scout Tower
13:02 Scout Tower
13:06 Scout Tower
13:07 Scout Tower
13:08 Scout Tower
13:10 Scout Tower
13:26 Scout Tower
13:32 Scout Tower
13:34 Scout Tower
13:38 Guard Tower
13:45 Arcane Vault
13:48 Scout Tower
13:48 Scout Tower
13:50 Scout Tower
13:52 Scout Tower
13:53 Scout Tower
14:33 Guard Tower
15:02 Guard Tower
15:30 Guard Tower
15:49 Guard Tower
15:51 Scout Tower
15:52 Scout Tower
15:53 Scout Tower
16:12 Guard Tower
16:17 Blacksmith
16:19 Barracks
16:28 Arcane Tower
17:17 Guard Tower
17:26 Lumber Mill
19:26 Scout Tower
19:27 Scout Tower
19:27 Scout Tower
19:28 Scout Tower
19:29 Scout Tower
19:30 Scout Tower
21:11 Farm
21:12 Farm
21:16 Farm
21:17 Farm
22:11 Scout Tower
22:12 Scout Tower
22:12 Scout Tower
22:14 Scout Tower
22:14 Scout Tower
22:15 Scout Tower
22:15 Scout Tower
22:17 Scout Tower
22:17 Scout Tower
22:17 Scout Tower
22:19 Scout Tower
26:31 Arcane Vault
26:41 Guard Tower
31:53 Guard Tower
32:34 Guard Tower
32:36 Scout Tower
32:36 Scout Tower
32:37 Scout Tower
32:38 Scout Tower
32:39 Scout Tower
33:34 Guard Tower
34:37 Scout Tower
34:38 Scout Tower
34:39 Scout Tower
34:40 Scout Tower
34:40 Scout Tower
36:53 Scout Tower
36:54 Scout Tower
36:54 Scout Tower
36:56 Scout Tower
37:28 Arcane Tower
37:31 Scout Tower
37:31 Scout Tower
38:00 Guard Tower
38:01 Scout Tower
38:02 Scout Tower
38:31 Arcane Tower
38:33 Scout Tower
41:40 Scout Tower
41:41 Scout Tower
41:58 Altar of Kings
42:44 Arcane Tower
» items
| Staff of Teleportation | 2 | |
| Boots of Speed | 2 | |
| Lesser Clarity Potion | 3 | |
| Healing Salve | 1 | |
| Staff of Sanctuary | 2 | |
| Orb of Lightning | 2 | |
| Scroll of Regeneration | 8 | |
| Potion of Healing | 6 | |
| Potion of Mana | 3 | |
| Amulet of Spell Shield | 2 | |
| Mantle of Intelligence +3 | 1 | |
32 total
team 2 (loser)
BearsNDryads (
blue | 89 APM | 6086 actions | 68:32)
10 Blademaster
3 Wind Walk
3 Critical Strike
1 Bladestorm
3 Mirror Image
1 Archmage
1 Blizzard
» actions
| Assign group hotkey | 236 | |
| Basic commands | 11 | |
| Build / train | 121 | |
| ESC pressed | 14 | |
| Enter build submenu | 54 | |
| Enter hero's abilities submenu | 14 | |
| Give item / drop item | 21 | |
| Right click | 3458 | |
| Select / deselect | 985 | |
| Select group hotkey | 714 | |
| Use ability | 455 | |
6086 total
» units
| Peon | 11 | |
| Troll Batrider | 33 | |
| Wind Rider | 18 | |
| Troll Witch Doctor | 6 | |
| Gryphon Rider | 1 | |
69 total
» upgrades
| Spiked Barricades | 2 | |
| Liquid Fire | 1 | |
| Ranged Weapons | 3 | |
| Envenomed Spears | 1 | |
| Armor | 2 | |
| Witch Doctor Training | 2 | |
11 total
» buildings
| Altar of Storms | 1 | |
| Orc Burrow | 10 | |
| Voodoo Lounge | 1 | |
| War Mill | 1 | |
| Stronghold | 3 | |
| Watch Tower | 27 | |
| Beastiary | 4 | |
| Fortress | 4 | |
| Great Hall | 2 | |
| Spirit Lodge | 2 | |
55 total
» build order
00:12 Altar of Storms
00:18 Orc Burrow
00:50 Voodoo Lounge
02:06 War Mill
02:28 Orc Burrow
02:32 Orc Burrow
03:12 Stronghold
03:56 Watch Tower
03:56 Watch Tower
05:13 Watch Tower
05:14 Watch Tower
05:22 Orc Burrow
05:23 Orc Burrow
05:44 Beastiary
06:19 Watch Tower
06:19 Watch Tower
06:51 Beastiary
07:44 Orc Burrow
08:30 Fortress
09:32 Orc Burrow
09:45 Beastiary
10:05 Orc Burrow
11:49 Watch Tower
17:58 Great Hall
18:02 Watch Tower
18:03 Watch Tower
18:04 Watch Tower
18:05 Watch Tower
18:05 Watch Tower
18:06 Watch Tower
18:07 Watch Tower
18:08 Watch Tower
20:12 Orc Burrow
20:13 Orc Burrow
20:31 Stronghold
23:37 Fortress
23:38 Fortress
23:43 Spirit Lodge
23:46 Spirit Lodge
24:37 Beastiary
27:01 Great Hall
30:15 Watch Tower
30:19 Watch Tower
30:19 Watch Tower
30:27 Watch Tower
30:29 Watch Tower
30:30 Watch Tower
30:31 Watch Tower
30:33 Watch Tower
31:37 Watch Tower
31:37 Watch Tower
31:38 Watch Tower
37:39 Stronghold
41:47 Fortress
» items
| Lesser Clarity Potion | 7 | |
| Healing Salve | 2 | |
| Boots of Speed | 1 | |
| Staff of Teleportation | 1 | |
| Periapt of Vitality | 1 | |
| Orb of Lightning | 1 | |
| Potion of Healing | 1 | |
| Claws of Attack +6 | 2 | |
| Cloak of Flames | 1 | |
17 total
eV.Lucky- (
red | 223 APM | 13654 actions | 61:08)
9 Archmage
3 Summon Water Elemental
3 Brilliance Aura
1 Mass Teleport
2 Blizzard
» actions
| Assign group hotkey | 2411 | |
| Basic commands | 31 | |
| Build / train | 181 | |
| Enter build submenu | 67 | |
| Enter hero's abilities submenu | 15 | |
| Give item / drop item | 4 | |
| Remove unit from queue | 4 | |
| Right click | 2927 | |
| Select / deselect | 1051 | |
| Select group hotkey | 6775 | |
| Use ability | 187 | |
13654 total
» units
| Peasant | 32 | |
| Footman | 12 | |
| Gryphon Rider | 16 | |
| Mortar Team | 11 | |
| Siege Engine | 3 | |
| Flying Machine | 23 | |
97 total
» upgrades
| Masonry | 1 | |
| Defend | 1 | |
| Swords | 3 | |
| Armor | 4 | |
| Lumber Harvesting | 1 | |
| Storm Hammers | 1 | |
| Magic Sentry | 1 | |
| Fragmentation Shards | 1 | |
| Gunpowder | 3 | |
| Barrage | 1 | |
| Plating | 3 | |
| Flak Cannons | 1 | |
| Flying Machine Bombs | 1 | |
22 total
» buildings
| Altar of Kings | 1 | |
| Farm | 15 | |
| Barracks | 2 | |
| Scout Tower | 46 | |
| Arcane Tower | 3 | |
| Town Hall | 2 | |
| Lumber Mill | 1 | |
| Guard Tower | 20 | |
| Arcane Vault | 1 | |
| Keep | 3 | |
| Blacksmith | 2 | |
| Castle | 2 | |
| Gryphon Aviary | 3 | |
| Arcane Sanctum | 1 | |
| Workshop | 3 | |
105 total
» build order
00:08 Altar of Kings
00:19 Farm
00:21 Barracks
00:50 Farm
01:40 Farm
02:40 Scout Tower
03:14 Arcane Tower
03:14 Arcane Tower
03:50 Town Hall
04:00 Scout Tower
04:03 Scout Tower
04:05 Scout Tower
04:12 Scout Tower
04:15 Farm
04:20 Scout Tower
04:40 Lumber Mill
05:02 Arcane Tower
05:17 Guard Tower
05:20 Guard Tower
05:34 Arcane Vault
05:58 Guard Tower
06:01 Scout Tower
06:02 Scout Tower
06:18 Scout Tower
06:19 Scout Tower
06:20 Scout Tower
06:43 Barracks
06:48 Farm
07:35 Guard Tower
07:37 Guard Tower
08:37 Scout Tower
08:39 Scout Tower
08:43 Guard Tower
08:43 Guard Tower
08:46 Scout Tower
08:47 Scout Tower
08:48 Scout Tower
09:10 Town Hall
09:27 Scout Tower
09:28 Scout Tower
09:30 Scout Tower
09:31 Scout Tower
09:31 Scout Tower
09:32 Scout Tower
09:33 Scout Tower
09:53 Guard Tower
11:01 Guard Tower
11:29 Guard Tower
11:32 Guard Tower
11:47 Guard Tower
11:54 Scout Tower
11:55 Scout Tower
12:26 Keep
12:26 Keep
12:26 Keep
13:41 Farm
13:42 Farm
13:43 Farm
13:44 Farm
13:46 Farm
13:46 Farm
13:47 Farm
13:47 Farm
13:48 Farm
13:49 Farm
13:55 Guard Tower
13:58 Scout Tower
14:00 Scout Tower
14:02 Scout Tower
14:02 Scout Tower
14:29 Blacksmith
14:38 Guard Tower
14:39 Guard Tower
14:47 Castle
15:32 Gryphon Aviary
15:34 Gryphon Aviary
15:38 Gryphon Aviary
15:44 Guard Tower
15:51 Guard Tower
17:29 Blacksmith
18:25 Scout Tower
18:27 Scout Tower
18:28 Scout Tower
18:30 Scout Tower
18:50 Arcane Sanctum
19:18 Guard Tower
20:08 Guard Tower
22:41 Scout Tower
22:45 Scout Tower
22:48 Scout Tower
23:16 Workshop
23:18 Workshop
23:23 Workshop
23:42 Scout Tower
23:45 Scout Tower
23:49 Scout Tower
24:53 Scout Tower
25:27 Scout Tower
27:00 Scout Tower
27:02 Scout Tower
28:33 Scout Tower
28:34 Scout Tower
38:16 Scout Tower
» items
| Scroll of Regeneration | 6 | |
| Lesser Clarity Potion | 1 | |
| Scroll of Town Portal | 2 | |
| Potion of Healing | 6 | |
15 total
eV.suNRize (
orange | 51 APM | 3099 actions | 60:56)
9 Pandaren Brewmaster
3 Breath of Fire
3 Drunken Haze
1 Storm Earth and Fire
2 Drunken Brawler
» actions
| Assign group hotkey | 5 | |
| Basic commands | 1 | |
| Build / train | 120 | |
| Enter build submenu | 86 | |
| Enter hero's abilities submenu | 9 | |
| Give item / drop item | 14 | |
| Remove unit from queue | 8 | |
| Right click | 1834 | |
| Select / deselect | 700 | |
| Select group hotkey | 54 | |
| Use ability | 266 | |
3099 total
» units
» upgrades
| Ultravision | 1 | |
| Well Spring | 1 | |
| Nature's Blessing | 1 | |
3 total
» buildings
| Moon Well | 36 | |
| Altar of Elders | 1 | |
| Hunter's Hall | 1 | |
| Ancient Protector | 38 | |
| Tree of Life | 5 | |
| Tree of Ages | 1 | |
| Tree of Eternity | 1 | |
| Ancient of Wonders | 2 | |
| Ancient of Wind | 1 | |
86 total
» build order
00:21 Moon Well
00:40 Moon Well
01:03 Altar of Elders
01:59 Hunter's Hall
02:12 Moon Well
02:25 Moon Well
03:09 Ancient Protector
03:12 Ancient Protector
04:06 Ancient Protector
04:15 Ancient Protector
04:32 Tree of Life
04:39 Tree of Life
04:58 Tree of Life
05:01 Ancient Protector
05:06 Ancient Protector
05:19 Ancient Protector
05:41 Tree of Ages
05:44 Ancient Protector
06:08 Moon Well
06:27 Ancient Protector
07:00 Ancient Protector
07:15 Moon Well
08:06 Tree of Eternity
08:22 Ancient of Wonders
08:40 Moon Well
09:37 Moon Well
09:40 Moon Well
09:42 Moon Well
10:07 Ancient Protector
10:11 Ancient Protector
10:13 Ancient Protector
10:19 Ancient Protector
10:21 Ancient Protector
11:56 Ancient Protector
16:01 Ancient Protector
16:02 Ancient Protector
16:07 Ancient Protector
16:09 Ancient Protector
16:11 Ancient Protector
17:23 Moon Well
18:14 Ancient Protector
18:15 Ancient Protector
18:17 Ancient Protector
18:18 Ancient Protector
18:19 Ancient Protector
18:59 Ancient Protector
19:00 Ancient Protector
19:04 Ancient Protector
20:05 Ancient of Wind
20:28 Moon Well
21:34 Ancient Protector
21:36 Ancient Protector
21:38 Ancient Protector
22:20 Moon Well
22:22 Moon Well
22:31 Moon Well
22:33 Moon Well
22:35 Moon Well
23:07 Tree of Life
23:08 Ancient Protector
23:10 Ancient Protector
23:11 Ancient Protector
23:13 Ancient Protector
24:07 Moon Well
24:16 Moon Well
24:51 Moon Well
24:54 Moon Well
24:55 Moon Well
24:56 Moon Well
25:47 Moon Well
26:26 Moon Well
27:04 Moon Well
27:06 Ancient of Wonders
27:08 Moon Well
27:10 Moon Well
27:11 Moon Well
27:12 Moon Well
27:35 Moon Well
28:00 Moon Well
28:01 Moon Well
31:33 Moon Well
31:35 Moon Well
31:37 Moon Well
32:24 Tree of Life
32:29 Ancient Protector
32:43 Ancient Protector
» items
| Boots of Speed | 1 | |
| Staff of Teleportation | 1 | |
| Circlet of Nobility | 2 | |
| Periapt of Vitality | 1 | |
| Orb of Venom | 1 | |
| Ring of Regeneration | 2 | |
| Pendant of Energy | 2 | |
| Khadgar's Gem of Health | 1 | |
| Pendant of Mana | 1 | |
| Cloak of Flames | 1 | |
13 total
Chat log
(00:05 / All) BearsNDryads: KEWL NAME
(00:07 / All) BearsNDryads: KEWL NAME BEAR
(00:08 / All) eV.suNRize: why u steal blues name
(00:15 / Allies) BEAR_AND: my acct older
(00:17 / All) BEAR_AND: my acct older
(00:19 / All) TIMG4STRok: STFU gl hf
(00:26 / All) TIMG4STRok: sorry a lil harsh, but shUSH!!!
(00:40 / All) BearsNDryads: dont talk like that
(00:42 / All) BearsNDryads: to my friends
(00:44 / All) BearsNDryads: or foes
(00:45 / All) BearsNDryads: w/e
(00:50 / All) TIMG4STRok: enfos????
(00:54 / All) BearsNDryads: YEA
(00:55 / All) eV.suNRize: SOLS RPG
(00:55 / All) BearsNDryads: LETS GO
(00:56 / All) BearsNDryads: ENFOS
(00:57 / All) TIMG4STRok: nerd Boi
(01:06 / All) BearsNDryads: NERD?
(01:08 / All) BearsNDryads: NERD?
(01:10 / All) BearsNDryads: fu faggot
(01:17 / All) BEAR_AND: u guys must be from 4chan
(01:19 / All) BEAR_AND: filth
(01:23 / All) BearsNDryads: atleast my mom doesnt have herpies
(01:24 / All) BearsNDryads: Like urs
(01:25 / All) BearsNDryads: does
(01:27 / All) eV.suNRize: wow
(01:37 / All) BearsNDryads: YEA Were FROM
(01:38 / All) BearsNDryads: 4chan
(01:53 / All) Gobiner: do you like animes
(05:12 / All) BEAR_AND: :<AP
(05:13 / All) BEAR_AND: LMAO
(05:16 / All) BearsNDryads: u get no xp
(05:17 / All) BearsNDryads: dumbass
(05:21 / All) BEAR_AND: i did
(05:22 / All) BEAR_AND: lmfao
(05:24 / All) BearsNDryads: no u didnt
(05:25 / All) BearsNDryads: ..
(05:29 / All) BearsNDryads: clearly the towers
(05:30 / All) BearsNDryads: got me
(05:31 / All) BEAR_AND: level 1 archmage
(05:34 / All) BEAR_AND: 100/200
(05:45 / All) BearsNDryads: lie more
(05:46 / All) BearsNDryads: plz
(05:48 / All) BearsNDryads: and steal my name
(05:49 / All) BearsNDryads: more
(05:52 / All) BEAR_AND: check replay
(05:55 / All) BEAR_AND: at highper.ch
(05:59 / All) TIMG4STRok: tower with night elf more LOL
(06:00 / All) BearsNDryads: ROFL
(06:02 / All) BearsNDryads: HIGHPERCH
(06:03 / All) BearsNDryads: LOL
(06:04 / All) BearsNDryads: LOL
(06:07 / All) BearsNDryads: UR HIGH PERCH
(06:08 / All) BearsNDryads: ERS
(06:08 / All) BearsNDryads: ?
(06:14 / All) BEAR_AND: invented it
(06:15 / All) BearsNDryads: LMA LMAO LMAO
(06:23 / All) BearsNDryads: WE FOLLOW UR WAYS
(06:23 / All) BearsNDryads: SON
(06:32 / All) BearsNDryads: JK u usck
(06:33 / All) BEAR_AND: http://highper.ch
(08:08 / All) Gobiner: nice
(08:11 / All) BearsNDryads: HAHA
(08:37 / All) BearsNDryads: im very bad
(08:41 / All) Gobiner: ya
(08:41 / All) BearsNDryads: i can only play elf
(08:41 / All) BEAR_AND: i agree
(08:43 / All) TIMG4STRok: yeah i noticed
(08:43 / All) BearsNDryads: and mass bears and dryads
(08:48 / All) Gobiner: everyone was noob once
(08:54 / All) TIMG4STRok: RIOFL towerrs
(08:57 / All) BearsNDryads: some ppl stil are
(08:59 / All) TIMG4STRok: quit now, you guys are bad ty.
(08:59 / All) BearsNDryads: son
(09:59 / All) BearsNDryads: good one
(10:48 / All) TIMG4STRok: LMo
(10:50 / All) eV.Lucky-: =/
(10:50 / All) TIMG4STRok: god you suck
(10:55 / All) TIMG4STRok: i run circles around you
(10:58 / All) TIMG4STRok: and you still fuck it up
(11:06 / All) BearsNDryads: GOD DAMMIT
(11:11 / All) BearsNDryads: WE ARE SO BAD
(11:12 / All) BearsNDryads: DAMN
(15:11 / All) BearsNDryads: nub
(17:58 / All) TIMG4STRok: ROFL pow
(18:57 / All) BearsNDryads: lmao
(18:58 / All) BearsNDryads: ok
(21:00 / All) BearsNDryads: ty
(21:08 / All) BearsNDryads: needed some food
(23:26 / All) TIMG4STRok: lmfao
(26:54 / All) TIMG4STRok: damn,.... you guys not kidding when you say you suckl.,..
(27:15 / All) BearsNDryads: its funny
(27:16 / All) BearsNDryads: how u trying
(27:17 / All) BearsNDryads: and wer not
(27:18 / All) BearsNDryads: lol
(27:26 / All) TIMG4STRok: huh
(27:30 / All) BearsNDryads: dumbass
(28:05 / All) TIMG4STRok: god damn
(28:10 / All) BearsNDryads: lol
(28:15 / All) BearsNDryads: see
(28:16 / All) BearsNDryads: ur trying
(28:18 / All) BearsNDryads: and werenot
(28:19 / All) BearsNDryads: lol
(28:27 / All) TIMG4STRok: is that your excuse when you lose games
(28:31 / All) BearsNDryads: LOL
(28:34 / All) TIMG4STRok: to make yourself feel better for being shitty at them
(28:35 / All) BearsNDryads: im smurfing
(28:37 / All) BearsNDryads: who the fuck cares
(28:44 / All) BEAR_AND: you obv.?
(28:45 / All) BearsNDryads: nice grammar
(28:51 / All) TIMG4STRok: smurfing because you care about your record, cute
(40:25 / All) BearsNDryads: lmao
(41:21 / All) BearsNDryads: ur bad
(50:37 / Allies) Gobiner: 0
(55:14 / All) BearsNDryads: good one
(55:22 / All) BearsNDryads: now do u have
(55:24 / All) BearsNDryads: enough to buy it back
(55:25 / All) BearsNDryads: ?
(55:29 / All) Gobiner: easily
(55:30 / All) TIMG4STRok: i got 11k budyd.
(55:36 / All) BearsNDryads: ok buddy
(58:42 / All) BearsNDryads: owned
(58:46 / All) TIMG4STRok: Huh
(58:51 / All) BearsNDryads: u heard
(58:51 / All) BearsNDryads: me
(61:00 / All) TIMG4STRok: LMAO
(61:07 / All) BearsNDryads: i wanna make this game
(61:10 / All) BearsNDryads: 24 hours long
(61:14 / All) BEAR_AND: record is 18 ?
(61:15 / All) BearsNDryads: so ill stay
(61:19 / All) TIMG4STRok: i want to make this game...a win
(61:19 / All) BearsNDryads: idk
(61:21 / All) TIMG4STRok: wait already done LOL
(61:27 / All) BearsNDryads: who hasnt won
(61:27 / All) BearsNDryads: lol
(61:29 / All) BearsNDryads: good one
(61:32 / All) BearsNDryads: not a record though
(64:35 / All) BearsNDryads: LOL
(64:42 / All) Gobiner: this isn't west :(
(64:46 / All) BearsNDryads: lol
(64:51 / All) BearsNDryads: keep sending
(65:01 / All) TIMG4STRok: wheres your base? :(
(65:05 / All) BearsNDryads: idk
(65:06 / All) BearsNDryads: wheres urs
(65:17 / All) Gobiner: too bad your level 10 hero is just as worthless as when he was level 1
(65:26 / All) BearsNDryads: :)
(65:33 / All) Gobiner: controlled by noob
(65:42 / All) Gobiner: sad fate for a blademaste
(65:53 / All) BearsNDryads: how much more
(65:58 / All) BearsNDryads: money
(66:02 / All) BearsNDryads: i got 10k
(66:03 / All) BearsNDryads: for my elf
(66:04 / All) BearsNDryads: :)
(66:05 / All) TIMG4STRok: i have just under 10k
(66:10 / All) TIMG4STRok: bear and got around 9k
(66:16 / All) TIMG4STRok: gobiner the retard has 1196
(66:24 / All) BearsNDryads: lmao
(66:35 / All) BearsNDryads: thats not nice
(67:06 / All) TIMG4STRok: thanks for banish
(67:11 / All) BearsNDryads: YOUR welcome
(67:25 / All) TIMG4STRok: now my ownage is 30% stroneger
(68:08 / All) Gobiner: 2ez
(68:12 / All) TIMG4STRok: gg
(68:15 / All) BearsNDryads: ye
(68:16 / All) BearsNDryads: 2ez
(68:31 / All) BearsNDryads: enjoy 2 hour wins
(68:32 / All) BearsNDryads: Lol